 Dungeon Sprint DCSS version 0.17-a0-1382-gc46a074 (webtiles) character file.

918 Kidiri the Thaumaturge (level 7, -2/46 HPs)
             Began as a Deep Elf Fire Elementalist on June 15, 2015.
             Was a Believer of Vehumet.
             Shot with an arrow by a centaur warrior (14 damage)
             ... in the Dungeon (Sprint IX: "|||||||||||||||||||||||||||||").
             The game lasted 00:06:05 (871 turns).

Kidiri the Thaumaturge (Deep Elf Fire Elementalist)  Turns: 871, Time: 00:06:05

Health: -2/46      AC:  3    Str:  8    XL:     7   Next: 83%
Magic:  15/22      EV: 19    Int: 22    God:    Vehumet [**....]
Gold:   0          SH:  0    Dex: 18    Spells: 7 memorised, 6 levels left

rFire  . . .     SeeInvis .     o - +2 rapier (elec)
rCold  . . .     Clarity  .     a - +0 robe
rNeg   . . .     SustAt   .     (no shield)
rPois  .         Gourm    .     (no helmet)
rElec  .         Spirit   .     (no cloak)
rCorr  .         Warding  .     (no gloves)
rMut   .         NoTele   +     q - +0 pair of boots
MR     .....                    (no amulet)
Stlth  ++........               s - +3 ring of dexterity
                                r - +3 ring of strength

@: not resistant to hostile enchantments, unstealthy
A: no striking features
a: Renounce Religion


You were in the Dungeon.
You worshipped Vehumet.
Vehumet was pleased with you.
You were not hungry.

You visited 1 branch

Inventory:

Hand weapons
 o - a +2 rapier of electrocution (weapon)
Armour
 a - a +0 robe (worn)
 q - a +0 pair of boots (worn)
Magical staves
 p - an uncursed staff of energy
Jewellery
 r - a +3 ring of strength (left hand)
 s - a +3 ring of dexterity (right hand)
Magical devices
 n - a wand of cold (7)
Scrolls
 k - 3 scrolls of remove curse
 m - 2 scrolls of amnesia
Potions
 d - a potion of invisibility
 e - 3 potions of heal wounds
 f - a potion of haste
 g - 3 potions of magic
 h - a potion of berserk rage
 j - 4 potions of curing
Books
 b - a book of Flames

   Spells                             Type                      Level
   a - Flame Tongue                   Conjuration/Fire             1
   b - Throw Flame                    Conjuration/Fire             2
   c - Conjure Flame                  Conjuration/Fire             3
   d - Inner Flame                    Hexes/Fire                   3
   e - Sticky Flame                   Conjuration/Fire             4
   f - Fireball                       Conjuration/Fire             5
Comestibles
 c - a bread ration


   Skills:
 * Level 6.1 Fighting
 + Level 4.3 Staves
 + Level 4.1 Armour
 * Level 9.5 Dodging
 - Level 2.4 Stealth
 * Level 9.9 Spellcasting
 + Level 5.4 Conjurations
 + Level 4.0 Hexes
 + Level 6.5 Fire Magic
 + Level 3.2 Poison Magic
 + Level 3.0 Evocations


You had 6 spell levels left.
You knew the following spells:

 Your Spells              Type           Power        Failure   Level  Hunger
a - Flame Tongue          Conj/Fire      #####        1%          1    None
b - Throw Flame           Conj/Fire      #####.       1%          2    None
c - Conjure Flame         Conj/Fire      #####...     1%          3    None
d - Inner Flame           Hex/Fire       ####....     1%          3    None
e - Sticky Flame          Conj/Fire      #####...     6%          4    ##.....
f - Fireball              Conj/Fire      #####.....   14%         5    ####...
g - Sting                 Conj/Pois      ####         1%          1    None


Dungeon Overview and Level Annotations

Branches:
Dungeon (1/1)

Altars:
Cheibriados
Dithmenos
Elyvilon
Fedhas
Gozag
Kikubaaqudgha
Makhleb
Nemelex Xobeh
Okawaru
Qazlal
Ru
Sif Muna
Trog
Vehumet
Xom
Yredelemnul
Zin
The Shining One
Beogh
Jiyva
Lugonu


Message History

Casting: Sticky Flame
Confirm with . or Enter, or press ? or * to list all spells.
Aiming: Sticky Flame
Press: ? - help, Shift-Dir - straight line, f - hippogriff
Aim: a hippogriff (flame)
The sticky flame hits the hippogriff.
The hippogriff is lightly wounded.
The hippogriff is covered in liquid flames!
The hippogriff burns!
You hit the hippogriff.
There is a sudden explosion of sparks!
The hippogriff is almost dead.
The hippogriff burns!
You kill the hippogriff!
Vehumet accepts your kill.
Your Fighting skill increases to level 6!
Your Hexes skill increases to level 4!
Your Evocations skill increases to level 3!
The centaur warrior wields a longbow.
The centaur warrior shoots an arrow.
The arrow hits you!
You die...

▓.▓
▓.▓
▓W▓
▓u▓
▓Z▓
▓c▓
▓§▓
▓@▓
▓.▓
▓.▓
▓.▓
▓.▓
▓.▓
▓'▓
▓.▓
▓.▓


You could see a white ugly thing, a centaur warrior, a wraith and a giant
cockroach zombie.

Vanquished Creatures
  A hill giant (D)
  A troll (D)
  A hippogriff (D)
  A scorpion (D)
  A crimson imp (D)
  A jelly (D)
  A hound (D)
  An adder (D)
  A giant gecko (D)
  A ball python (D)
  A bat zombie (D)
  2 goblins (D)
  A hobgoblin (D)
  A quokka (D)
  A giant cockroach (D)
  A giant newt (D)
  A rat (D)
18 creatures vanquished.

Notes
Turn   | Place    | Note
--------------------------------------------------------------
     0 | D        | Kidiri the Deep Elf Fire Elementalist began the quest for the Orb.
     0 | D        | Reached XP level 1. HP: 10/10 MP: 6/6
    36 | D        | Reached skill level 1 in Fighting
    65 | D        | Noticed a scorpion
    72 | D        | Killed a scorpion
    72 | D        | Reached skill level 1 in Armour
    72 | D        | Reached skill level 4 in Dodging
    72 | D        | Reached skill level 5 in Spellcasting
    72 | D        | Reached XP level 2. HP: 12/18 MP: 0/10
    72 | D        | Reached XP level 3. HP: 14/22 MP: 0/11
    85 | D        | Reached skill level 5 in Dodging
   179 | D        | Found a glowing silver altar of Zin.
   179 | D        | Found a glowing golden altar of the Shining One.
   179 | D        | Found an ancient bone altar of Kikubaaqudgha.
   179 | D        | Found a basalt altar of Yredelemnul.
   179 | D        | Found a shimmering altar of Xom.
   179 | D        | Found a radiant altar of Vehumet.
   180 | D        | Found an iron altar of Okawaru.
   181 | D        | Found a burning altar of Makhleb.
   182 | D        | Found a deep blue altar of Sif Muna.
   183 | D        | Found a bloodstained altar of Trog.
   184 | D        | Found a sparkling altar of Nemelex Xobeh.
   185 | D        | Found a white marble altar of Elyvilon.
   186 | D        | Found a roughly hewn altar of Beogh.
   187 | D        | Became a worshipper of Vehumet
   188 | D        | Found a viscous altar of Jiyva.
   189 | D        | Found a corrupted altar of Lugonu.
   190 | D        | Found a blossoming altar of Fedhas.
   191 | D        | Found a snail-covered altar of Cheibriados.
   192 | D        | Found a shadowy altar of Dithmenos.
   193 | D        | Found a stormy altar of Qazlal.
   194 | D        | Found an opulent altar of Gozag.
   195 | D        | Found a sacrificial altar of Ru.
   233 | D        | Noticed a jelly
   233 | D        | Noticed a hound
   233 | D        | Noticed a crimson imp
   233 | D        | Noticed a troll
   267 | D        | Learned a level 2 spell: Throw Flame
   271 | D        | Learned a level 3 spell: Conjure Flame
   301 | D        | Killed a troll
   301 | D        | Reached skill level 7 in Dodging
   301 | D        | Reached skill level 5 in Fire Magic
   301 | D        | Reached XP level 4. HP: 10/30 MP: 8/15
   301 | D        | Reached XP level 5. HP: 11/34 MP: 9/17
   306 | D        | Learned a level 3 spell: Inner Flame
   311 | D        | Learned a level 4 spell: Sticky Flame
   354 | D        | Learned a level 5 spell: Fireball
   657 | D        | Killed a hound
   660 | D        | Acquired Vehumet's first power
   660 | D        | Offered knowledge of Sting by Vehumet.
   660 | D        | Reached XP level 6. HP: 32/39 MP: 15/18
   663 | D        | Learned a level 1 spell: Sting
   710 | D        | Killed a jelly
   710 | D        | Reached skill level 8 in Spellcasting
   710 | D        | Reached skill level 1 in Hexes
   790 | D        | Killed a crimson imp
   790 | D        | Offered knowledge of Throw Frost by Vehumet.
   790 | D        | Reached skill level 1 in Poison Magic
   863 | D        | Noticed a wraith
   863 | D        | Noticed a white ugly thing
   863 | D        | Noticed a centaur warrior
   863 | D        | Noticed a hippogriff
   863 | D        | Noticed a hill giant
   868 | D        | Killed a hill giant
   868 | D        | Reached skill level 5 in Fighting
   868 | D        | Reached skill level 9 in Dodging
   868 | D        | Reached skill level 5 in Conjurations
   868 | D        | Reached XP level 7. HP: 12/45 MP: 18/22
   871 | D        | Killed a hippogriff
   871 | D        | Shot with an arrow by a centaur warrior

Vault maps used:
D:        linesprint

Action                   |  1- 3 |  4- 6 |  7- 9 || total
-------------------------+-------+-------+-------++-------
Melee: Dagger            |    12 |       |       ||    12
       Staff             |       |    94 |       ||    94
       Rapier            |       |     5 |     2 ||     7
 Cast: Flame Tongue      |    23 |     9 |       ||    32
       Conjure Flame     |     1 |     4 |       ||     5
       Sticky Flame      |       |     2 |     1 ||     3
       Sting             |       |     3 |       ||     3
  Use: Potion            |     2 |       |       ||     2
       Scroll            |     2 |       |       ||     2
 Stab: Sleeping          |     1 |       |       ||     1
